 Dungeon Sprint DCSS version 0.16-a0-3596-g438c78e (webtiles) character file.

224663 BluebellGnoll the Invulnerable (level 18, -20/213 HPs)
             Began as a Demonspawn Fighter on Jan 12, 2015.
             Was the Champion of Makhleb.
             Killed from afar by Skiez the pandemonium lord (50 damage)
             ... with a great blast of fire
             ... in the Dungeon (Sprint V: "Ziggurat Sprint").
             The game lasted 01:41:00 (3254 turns).

BluebellGnoll the Invulnerable (Demonspawn Fighter) Turns: 3254, Time: 01:41:00

Health: -20/213    AC: 55    Str: 31    XL:     18   Next: 97%
Magic:  0/39       EV: 22    Int: 10    God:    Makhleb [******]
Gold:   0          SH: 38    Dex: 27    Spells: 0 memorised, 17 levels left

rFire  + + +     SeeInvis +     I - +5 broad axe (elec)
rCold  + . .     Clarity  +     H - +12 gold dragon armour
rNeg   + . .     SustAb   .     K - +18 shield of the gong {rElec rN+ MR+ EV-5}
rPois  +         Gourm    .     M - +0 mask of the Dragon {MR+ Slay+3 SInv}
rElec  +         Spirit   +     B - +3 cloak of Flash {+Fly EV+4}
rCorr  .         Warding  .     F - +1 pair of gloves {Str+3}
rMut   .         NoTele   +     (boots unavailable)
MR     +++++     NoCast   +     O - amulet of the Oligarchy {Clar +Rage +Fly MR++ SInv}
Stlth  ..........               Q - ring "Nautaez" {-Cast rF++ HP+5 Dex+7 Stlth+}
                                t - +6 ring of strength

@: mighty, lethally poisoned, very slightly contaminated, hasted, invisible,
very quick, almost entirely resistant to hostile enchantments, extremely
unstealthy
A: hooves 3, iridescent scales 3, powered by death 2, robust 2, magic shield
a: Minor Destruction, Lesser Servant of Makhleb, Major Destruction, Greater
Servant of Makhleb, Renounce Religion, Evoke Berserk Rage, Evoke Flight


You were in the Dungeon.
You worshipped Makhleb.
Makhleb was exalted by your worship.
You were full.

You visited 1 branch

Inventory:

Hand weapons
 I - a +5 broad axe of electrocution (weapon)
Missiles
 R - 10 javelins of penetration (quivered)
Armour
 B - the +3 cloak of Flash (worn) {+Fly EV+4}
   (You found it in the Dungeon)

   It affects your evasion (+4).
   It lets you fly.
 F - a +1 pair of gloves of strength (worn)
 H - a +12 gold dragon armour (worn)
 K - the +18 shield of the gong (worn) {rElec rN+ MR+ EV-5}
   (You found it in the Dungeon)

   It affects your evasion (-5).
   It insulates you from electricity.
   It protects you from negative energy.
   It affects your resistance to hostile enchantments.
 M - the +0 mask of the Dragon (worn) {MR+ Slay+3 SInv}
   (You found it in the Dungeon)

   It affects your accuracy and damage with ranged weapons and melee attacks
   (+3).
   It affects your resistance to hostile enchantments.
   It enhances your eyesight.
Rods
 b - a +2 iron rod (6/14)
   (You found it in the Dungeon)
 s - a +7 rod of ignition (9/10)
   (You took it off a merfolk javelineer in the Dungeon)
 v - a +2 rod of clouds (4/11)
   (You found it in the Dungeon)
 T - a +5 rod of inaccuracy (7/14)
   (You found it in the Dungeon)
Jewellery
 t - a +6 ring of strength (left hand)
 L - an uncursed ring of protection from fire
 O - the amulet of the Oligarchy (around neck) {Clar +Rage +Fly MR++ SInv}
   (You took it off a wight in the Dungeon)

   [amulet of clarity]

   It provides mental clarity.
   It affects your resistance to hostile enchantments.
   It enhances your eyesight.
   It lets you fly.
   It lets you go berserk.
 P - the amulet "Evaimaki" {rMut rElec rF+ SInv Stlth-}
   (You found it in the Dungeon)

   [amulet of resist mutation]

   It protects you from mutation.
   It protects you from fire.
   It insulates you from electricity.
   It enhances your eyesight.
   It makes you less stealthy.
 Q - the ring "Nautaez" (right hand) {-Cast rF++ HP+5 Dex+7 Stlth+}
   (You found it in the Dungeon)

   [ring of stealth]

   It affects your dexterity (+7).
   It greatly protects you from fire.
   It affects your health (+5).
   It prevents spellcasting.
   It makes you more stealthy.
 W - the amulet of Piny {rCorr +Inv +Fly}
   (You found it in the Dungeon)

   [amulet of resist corrosion]

   It protects you from acid and corrosion.
   It lets you turn invisible.
   It lets you fly.
 X - the ring of Iciah {-Cast +Blink rC++ rN+ MR+ Stlth+}
   (You found it in the Dungeon)

   [ring of stealth]

   It greatly protects you from cold.
   It protects you from negative energy.
   It affects your resistance to hostile enchantments.
   It lets you blink.
   It prevents spellcasting.
   It makes you more stealthy.
 Y - the amulet "Kaapt" {Ward rElec rN+ MR+ HP-5 Str+5 Stlth+}
   (You found it in the Dungeon)

   [amulet of warding]

   It may prevent the melee attacks of summoned creatures.
   It affects your strength (+5).
   It insulates you from electricity.
   It protects you from negative energy.
   It affects your resistance to hostile enchantments.
   It affects your health (-5).
   It makes you more stealthy.
Magical devices
 m - a wand of fire (10)
 n - a wand of cold (4)
 o - a wand of draining (5)
Scrolls
 k - 4 scrolls of blinking
 x - 7 scrolls of fog
 y - 4 scrolls of identify
 z - 4 scrolls of remove curse
 A - a scroll of fear
Potions
 e - 7 potions of might
 f - 10 potions of curing
 g - 6 potions of heal wounds
 h - 3 potions of haste
 i - 7 potions of magic
 j - 3 potions of berserk rage
 C - a potion of invisibility
 D - 2 potions of restore abilities
 E - 3 potions of resistance
 G - 3 potions of agility
Books
 a - a tome of Destruction
Miscellaneous
 c - a sack of spiders {used: 1}
 w - a sack of spiders
 J - 3 fans of gales (-5 inert)
 N - a box of beasts
 S - 3 phials of floods (-14 inert)
 U - 3 stones of tremors (-67 inert)
 V - 3 lamps of fire (-71 inert)
Comestibles
 d - 5 bread rations
 p - 39 fruits
 q - 3 meat rations


   Skills:
 - Level 24.3 Fighting
 - Level 23.1 Axes
 - Level 11.5 Throwing
 O Level 27 Armour
 + Level 16.4 Dodging
 - Level 24.8 Shields
 - Level 18.5 Invocations
 - Level 26.3 Evocations


You had 17 spell levels left.
You didn't know any spells.

Dungeon Overview and Level Annotations

Branches:
Dungeon (1/1)

Altars:
Ashenzari
Cheibriados
Dithmenos
Elyvilon
Fedhas
Gozag
Kikubaaqudgha
Makhleb
Nemelex Xobeh
Okawaru
Qazlal
Ru
Sif Muna
Trog
Vehumet
Xom
Yredelemnul
Zin
The Shining One
Beogh
Jiyva
Lugonu


Innate Abilities, Weirdness & Mutations

You have hooves in place of feet.
You are completely covered in iridescent scales (AC +8).
You can steal the life force of defeated enemies.
You are very robust (+20% HP).
When hurt, damage is shared between your health and your magic reserves.


Message History

The hellwing's corpse armour sloughs away.
The green death collides with the demonspawn zombie!
The orange demon collides with the demonspawn zombie!
You kill the orange demon!
Skiez collides with Pukosm!
Saoban collides with something!
Pukosm collides with the demonspawn zombie!
The winds coalesce and take form.
The smoke demon roars!
* * * LOW HITPOINT WARNING * * *
Klilisu hits your water elemental!
Klilisu is healed.
Your water elemental closely misses the demonspawn zombie.
Twiu hits your water elemental!
Twiu is healed.
Your water elemental seems to slow down.
Schia gestures wildly while chanting.
The demonspawn zombie hits your air elemental with a hand axe.
The demonspawn zombie hits your water elemental with a hand axe.
Skiez gestures at you while chanting.
A raging storm of fire appears!
The great blast of fire engulfs you! You partially resist.
You die...

(((.[..........▓§2.......
.(((...........▓&13§§......
((.............▓§&&3Z&........
..(............▓&§§EE&§........
▓.........▓....▓&§≈&EE.D........
.▓.......▓.▓...▓§≈≈≈▓≈&Z§......▓.
▓.........▓... ▓≈*≈≈E&2E§........
............. ▓≈≈≈≈≈&Z43........
.............. ▓@≈≈≈≈E&§&........
.............. ▓§.≈≈E3&E&4.......
▓▓▓▓▓▓▓▓▓▓▓▓▓▓ ▓▓▓▓▓▓▓▓▓▓▓▓▓▓▓▓▓▓


You could see Ciodgh, Eleluaci, Emetru, Ethiujih, Fru Kaos, Geid, Klilisu, Muid
Ich, Pukosm, Saeluebb, Saoban, Schia, Skiez, Twiu, a Shadow Fiend, an
eight-headed hydra, a green death, a blizzard demon, a sun demon, a hellwing, 2
smoke demons, a chaos spawn, a fulminant prism (unaware), a demonspawn zombie
(wandering), a demonspawn zombie (wandering), a demonspawn zombie (wandering), 6
friendly water elementals and 3 friendly air elementals.

Vanquished Creatures
  2 golden dragons (D)
  24 pandemonium lords (D)
  A Brimstone Fiend (D)
  An Ice Fiend (D)
  2 acid blobs (D)
  5 liches (D)
  8 deep elf master archers (D)
  2 quicksilver dragons (D)
  2 Shadow Fiends (D)
  9 shadow dragons (D)
  A tentacled starspawn (D)
  An Executioner (D)
  2 greater nagas (D)
  3 iron dragons (D)
  A reaper (D)
  5 ghouls (D)
  6 stone giants (D)
  4 vampire knights (D)
  A lorocyproca (D)
  A white draconian (D)
  A chaos champion (D)
  7 death oozes (D)
  An ettin (D)
  2 fire dragons (D)
  10 merfolk javelineers (D)
  A great orb of eyes (D)
  2 blizzard demons (D)
  10 vault guards (D)
  A merfolk impaler (D)
  3 green deaths (D)
  3 yaktaur captains (D)
  3 naga warriors (D)
  3 anacondas (D)
  5 hydras (D)
  4 ice dragons (D)
  2 centaur warriors (D)
  3 death yaks (D)
  A hell hog (D)
  A vampire mage (D)
  3 sun demons (D)
  2 thrashing horrors (D)
  A fulminant prism (D)
  A hell beast (D)
  8 soul eaters (D)
  3 catoblepae (D)
  6 skeletal warriors (D)
  A wretched star (D)
  An air elemental (D)
  3 ice devils (D)
  5 death drakes (D)
  A shadow demon (D)
  4 sea snakes (D)
  3 swamp dragons (D)
  2 necromancers (D)
  2 shining eyes (D)
  4 wolf spiders (D)
  3 hornets (D)
  6 black mambas (D)
  A moth of wrath (D)
  An elephant (D)
  3 cyclopes (D)
  A manticore (D)
  A worldbinder (D)
  2 vault sentinels (D)
  3 eyes of devastation (D)
  A torpor snail (D)
  2 naga magi (D)
  9 sixfirhies (D)
  A hellion (D)
  5 demonic crawlers (D)
  2 guardian serpents (D)
  4 orange demons (D)
  2 smoke demons (D)
  4 spiny frogs (D)
  2 hellwings (D)
  14 fire elementals (D)
  8 yaktaurs (D)
  2 jumping spiders (D)
  2 tormentors (D)
  3 fire drakes (D)
  2 komodo dragons (D)
  A freezing wraith (D)
  5 merfolk (D)
  3 red devils (D)
  5 two-headed ogres (D)
  10 slime creatures (D)
  A raiju (D)
  2 blue devils (D)
  4 shadows (D)
  A boulder beetle (D)
  2 flying skulls (D)
  4 large abominations (D)
  A ynoxinul (D)
  4 snapping turtles (D)
  3 golden eyes (D)
  2 trapdoor spiders (D)
  3 vampires (D)
  A tarantella (D)
  5 water elementals (D)
  3 wyverns (D)
  3 hippogriffs (D)
  3 steam dragons (D)
  6 yaks (D)
  3 neqoxecs (D)
  A naga (D)
  A hungry ghost (D)
  A fire bat (D)
  4 chaos spawn (D)
  A human zombie (D)
  5 water moccasins (D)
  A porcupine (D)
  A hell hound (D)
  A mottled dragon (D)
  3 spiders (D)
  2 phantoms (D)
  6 swamp drakes (D)
  4 necrophages (D)
  An ogre (D)
  7 wasps (D)
  2 earth elementals (D)
  An ice beast (D)
  An eye of draining (D)
  5 centaurs (D)
  Sigmund (D)
  Blork the orc (D)
  2 giant frogs (D)
  5 small abominations (D)
  3 scorpions (D)
  10 wights (D)
  2 quasits (D)
  7 starcursed masses (D)
  A jelly (D)
  A hound (D)
  3 iron imps (D)
  2 iguanas (D)
  7 hell rats (D)
  A sheep (D)
  Jessica (D)
  A mummy (D)
  6 adders (D)
  3 river rats (D)
  A shadow imp (D)
  2 giant mites (D)
  2 white imps (D)
  A giant eyeball (D)
  4 adder zombies (D)
  4 adder skeletons (D)
  A giant gecko (D)
  10 bat skeletons (D)
  9 bat zombies (D)
  2 ball pythons (D)
  2 ball python skeletons (D)
  A giant cockroach simulacrum (D)
  2 giant cockroach zombies (D)
  A giant gecko skeleton (D)
  A giant gecko zombie (D)
  A giant newt (D)
  A jackal skeleton (D)
  A jackal zombie (D)
  A quokka skeleton (D)
  A quokka zombie (D)
  6 butterflies (D)
  2 starspawn tentacles (D)
  A starspawn tentacle segment (D)
515 creatures vanquished.

Vanquished Creatures (collateral kills)
  A golden dragon (D)
  A bone dragon (D)
  A kraken (D)
  6 shadow dragons (D)
  A ghoul (D)
  A cacodemon (D)
  A reaper (D)
  A merfolk javelineer (D)
  A merfolk impaler (D)
  A mummy priest (D)
  A vault guard (D)
  A great orb of eyes (D)
  A naga warrior (D)
  A centaur warrior (D)
  2 merfolk aquamancers (D)
  A satyr (D)
  An ice devil (D)
  2 soul eaters (D)
  A skeletal warrior (D)
  An anubis guard (D)
  A hill giant (D)
  2 swamp dragons (D)
  5 cyclopes (D)
  A hornet (D)
  A black mamba (D)
  A guardian serpent (D)
  An eye of devastation (D)
  4 naga magi (D)
  4 yaktaurs (D)
  2 merfolk (D)
  A two-headed ogre (D)
  An ushabti (D)
  A snapping turtle (D)
  A large abomination (D)
  A shadow (D)
  3 starcursed masses (D)
  2 vampires (D)
  2 steam dragons (D)
  A naga (D)
  A mottled dragon (D)
  An ice beast (D)
  A necrophage (D)
  5 centaurs (D)
  A wight (D)
  A jelly (D)
  A mummy (D)
  An adder skeleton (D)
  A ball python (D)
  2 bat skeletons (D)
  A bat zombie (D)
  2 jackal skeletons (D)
  A quokka zombie (D)
  4 tentacles (D)
85 creatures vanquished.

Vanquished Creatures (others)
  3 pandemonium lords (D)
  A deep elf master archer (D)
  An eldritch tentacle (D)
  A corrupter (D)
  A black sun (D)
  A blizzard demon (D)
  A centaur warrior (D)
  A soul eater (D)
  6 fulminant prisms (D)
  2 air elementals (D)
  9 water elementals (D)
  A wolf spider (D)
  A cyclops (D)
  2 rust devils (D)
  A large abomination (D)
  30 fire elementals (D)
  2 demonic crawlers (D)
  2 earth elementals (D)
  A blue devil (D)
  A merfolk (D)
  A dancing weapon (D)
  3 chimeras (D)
  A tarantella (D)
  A neqoxec (D)
  A small abomination (D)
  A hell rat (D)
  2 ufetubi (D)
  54 eldritch tentacle segments (D)
  2 starspawn tentacles (D)
  16 starspawn tentacle segments (D)
  4 tentacles (D)
  128 tentacle segments (D)
282 creatures vanquished.

Grand Total: 882 creatures vanquished

Notes
Turn   | Place    | Note
--------------------------------------------------------------
     0 | D        | BluebellGnoll, the Demonspawn Fighter, began the quest for the Orb.
     0 | D        | Reached XP level 1. HP: 18/18 MP: 1/1
     0 | D        | Found a viscous altar of Jiyva.
     0 | D        | Found a corrupted altar of Lugonu.
     0 | D        | Found a white marble altar of Elyvilon.
     2 | D        | Found a sparkling altar of Nemelex Xobeh.
     2 | D        | Found a burning altar of Makhleb.
     2 | D        | Found a deep blue altar of Sif Muna.
     3 | D        | Found a bloodstained altar of Trog.
     6 | D        | Found an iron altar of Okawaru.
    13 | D        | Found a radiant altar of Vehumet.
    14 | D        | Found a basalt altar of Yredelemnul.
    24 | D        | Found a shimmering altar of Xom.
    34 | D        | Became a worshipper of Makhleb the Destroyer
    61 | D        | Reached skill level 7 in Armour
    61 | D        | Gained mutation: You are partially covered in iridescent scales (AC +4). [demonic ancestry]
    61 | D        | Reached XP level 2. HP: 24/24 MP: 2/2
    71 | D        | Entered arena 1.
    71 | D        | Noticed a jelly
    71 | D        | Noticed a slime creature
    74 | D        | Killed a jelly
    74 | D        | Gained mutation: You have large cloven feet. [demonic ancestry]
    74 | D        | Reached XP level 3. HP: 29/29 MP: 3/3
    78 | D        | Killed a slime creature
    78 | D        | Acquired Makhleb's first power
    78 | D        | Gained mutation: You are mostly covered in iridescent scales (AC +6). [demonic ancestry]
    78 | D        | Reached XP level 4. HP: 32/35 MP: 4/4
    78 | D        | Gained mutation: When hurt, damage is shared between your health and your magic reserves. [demonic ancestry]
    78 | D        | Reached XP level 5. HP: 37/41 MP: 5/5
    82 | D        | Identified the Volume of Flight (You found it in the Dungeon)
   107 | D        | Entered arena 2.
   107 | D        | Noticed Sigmund
   107 | D        | Noticed Jessica
   107 | D        | Noticed Blork the orc
   111 | D        | Killed Jessica
   112 | D        | Killed Blork the orc
   112 | D        | Reached XP level 6. HP: 47/50 MP: 6/6
   115 | D        | Killed Sigmund
   115 | D        | Acquired Makhleb's second power
   115 | D        | Reached skill level 5 in Fighting
   130 | D        | Entered arena 3.
   130 | D        | Noticed a wight
   130 | D        | Noticed a necrophage
   130 | D        | Noticed a phantom
   134 | D        | Killed a necrophage
   134 | D        | Reached skill level 8 in Axes
   134 | D        | Killed a wight
   134 | D        | Acquired Makhleb's third power
   134 | D        | Gained mutation: You have hoof-like feet. [demonic ancestry]
   134 | D        | Reached XP level 7. HP: 59/59 MP: 7/7
   136 | D        | Killed a phantom
   136 | D        | Reached skill level 9 in Axes
   165 | D        | Entered arena 4.
   165 | D        | Noticed an iron imp
   165 | D        | Noticed a hell hound
   168 | D        | Killed an iron imp
   169 | D        | Killed a hell hound
   169 | D        | Acquired Makhleb's fourth power
   178 | D        | Identified the Incunabulum of Darkness (You found it in the Dungeon)
   179 | D        | Entered arena 5.
   179 | D        | Noticed a merfolk
   179 | D        | Noticed a merfolk
   179 | D        | Noticed a merfolk
   179 | D        | Noticed a merfolk
   179 | D        | Noticed a merfolk
   184 | D        | Killed a merfolk
   184 | D        | Reached skill level 10 in Axes
   185 | D        | Killed a merfolk
   185 | D        | Reached skill level 11 in Axes
   185 | D        | Reached XP level 8. HP: 70/70 MP: 6/8
   192 | D        | Killed a merfolk
   192 | D        | Acquired Makhleb's fifth power
   192 | D        | Killed a merfolk
   192 | D        | Reached skill level 12 in Axes
   195 | D        | Killed a merfolk
   204 | D        | Identified the Grimoire of Talismans (You found it in the Dungeon)
   211 | D        | Entered arena 6.
   211 | D        | Noticed a scorpion
   211 | D        | Noticed a wolf spider
   211 | D        | Noticed a jumping spider
   211 | D        | Noticed a scorpion
   217 | D        | Killed a scorpion
   217 | D        | Reached skill level 1 in Invocations
   217 | D        | Reached skill level 1 in Evocations
   217 | D        | Killed a scorpion
   219 | D        | Killed a wolf spider
   219 | D        | Reached skill level 5 in Evocations
   219 | D        | Gained mutation: You can steal the life force of nearby defeated enemies. [demonic ancestry]
   219 | D        | Reached XP level 9. HP: 78/78 MP: 7/18
   219 | D        | Killed a jumping spider
   225 | D        | Got the ring "Fekekkaa" {+Blink +Fly rElec}
   293 | D        | Entered arena 7.
   293 | D        | Noticed a vault guard
   293 | D        | Noticed a vault sentinel
   293 | D        | Noticed a hornet
   293 | D        | Noticed a freezing wraith
   293 | D        | Noticed a vault sentinel
   293 | D        | Noticed an ettin
   299 | D        | Killed a freezing wraith
   299 | D        | Reached skill level 13 in Axes
   301 | D        | Killed a hornet
   303 | D        | Killed a vault sentinel
   303 | D        | Killed an ettin
   303 | D        | Reached skill level 14 in Axes
   303 | D        | Reached skill level 10 in Invocations
   303 | D        | Reached XP level 10. HP: 85/85 MP: 11/24
   304 | D        | Killed a vault guard
   304 | D        | Reached skill level 15 in Axes
   306 | D        | Killed a vault sentinel
   323 | D        | Entered arena 8.
   323 | D        | Noticed a mummy priest
   323 | D        | Noticed an anubis guard
   323 | D        | Noticed an ushabti
   325 | D        | Noticed a cacodemon
   329 | D        | Killed an ushabti
   329 | D        | Reached skill level 10 in Fighting
   331 | D        | Killed a cacodemon
   331 | D        | Killed an anubis guard
   332 | D        | Killed a mummy priest
   333 | D        | Noticed a soul eater
   334 | D        | Killed a soul eater
   555 | D        | Entered arena 9.
   555 | D        | Noticed a wight
   555 | D        | Noticed a necrophage
   555 | D        | Noticed a phantom
   560 | D        | Killed a necrophage
   561 | D        | Killed a wight
   564 | D        | Killed a phantom
   575 | D        | Entered arena 10.
   575 | D        | Noticed a cyclops
   575 | D        | Noticed a two-headed ogre
   575 | D        | Noticed a two-headed ogre
   575 | D        | Noticed a two-headed ogre
   575 | D        | Noticed a two-headed ogre
   575 | D        | Noticed a two-headed ogre
   575 | D        | Noticed a hill giant
   575 | D        | Noticed an ogre
   575 | D        | Noticed a two-headed ogre
   579 | D        | Killed a two-headed ogre
   580 | D        | Killed a two-headed ogre
   581 | D        | Killed a two-headed ogre
   582 | D        | Killed an ogre
   582 | D        | Killed a two-headed ogre
   582 | D        | Killed a two-headed ogre
   583 | D        | Killed a hill giant
   583 | D        | Gained mutation: You have hooves in place of feet. [demonic ancestry]
   583 | D        | Reached XP level 11. HP: 91/93 MP: 24/26
   584 | D        | Killed a two-headed ogre
   587 | D        | Killed a cyclops
   587 | D        | Reached skill level 10 in Shields
   603 | D        | Got the amulet "Evaimaki" {rMut rElec rF+ SInv Stlth-}
   611 | D        | Entered arena 11.
   611 | D        | Noticed a manticore
   611 | D        | Noticed a merfolk
   611 | D        | Noticed a snapping turtle
   611 | D        | Noticed a snapping turtle
   611 | D        | Noticed a snapping turtle
   611 | D        | Noticed a water elemental
   611 | D        | Noticed a hippogriff
   611 | D        | Noticed a sea snake
   613 | D        | Noticed a merfolk javelineer
   613 | D        | Noticed a sea snake
   621 | D        | Killed a sea snake
   622 | D        | Killed a sea snake
   623 | D        | Killed a manticore
   625 | D        | Killed a water elemental
   630 | D        | Killed a snapping turtle
   631 | D        | Killed a snapping turtle
   633 | D        | Killed a hippogriff
   634 | D        | Killed a merfolk javelineer
   635 | D        | Killed a snapping turtle
   639 | D        | Killed a merfolk
   650 | D        | Got the +8 hand axe of the Madman {chop, MR++ SInv Stlth+}
   664 | D        | Got the amulet of Kuvebbiu {Stasis rF+}
   951 | D        | Entered arena 12.
   951 | D        | Noticed a greater naga
   951 | D        | Noticed a naga warrior
   951 | D        | Noticed a guardian serpent
   951 | D        | Noticed a water moccasin
   951 | D        | Noticed a black mamba
   951 | D        | Noticed a naga
   951 | D        | Noticed a naga warrior
   951 | D        | Noticed a water moccasin
   953 | D        | Noticed a naga mage
   953 | D        | Noticed a naga mage
   953 | D        | Noticed a naga mage
   953 | D        | Killed a water moccasin
   953 | D        | Killed a guardian serpent
   955 | D        | Killed a black mamba
   958 | D        | Killed a water moccasin
   959 | D        | Killed a naga mage
   960 | D        | Killed a naga mage
   962 | D        | Killed a naga warrior
   965 | D        | Killed a naga mage
   966 | D        | Killed a naga
   967 | D        | Killed a greater naga
   967 | D        | Reached skill level 15 in Shields
   970 | D        | Killed a naga warrior
   970 | D        | Reached skill level 16 in Shields
   970 | D        | Gained mutation: You can steal the life force of defeated enemies. [demonic ancestry]
   970 | D        | Reached XP level 12. HP: 101/101 MP: 27/27
  1015 | D        | Entered arena 13.
  1015 | D        | Noticed a wolf spider
  1015 | D        | Noticed a wolf spider
  1016 | D        | Noticed a scorpion
  1016 | D        | Noticed a spider
  1016 | D        | Noticed a demonic crawler
  1016 | D        | Noticed a demonic crawler
  1016 | D        | Noticed a trapdoor spider
  1016 | D        | Noticed a hornet
  1017 | D        | Noticed a wasp
  1017 | D        | Noticed a demonic crawler
  1018 | D        | Noticed a wasp
  1018 | D        | Noticed a boulder beetle
  1018 | D        | Killed a spider
  1020 | D        | Killed a wolf spider
  1020 | D        | Killed a wolf spider
  1022 | D        | Killed a hornet
  1023 | D        | Killed a trapdoor spider
  1023 | D        | Killed a wasp
  1024 | D        | Killed a demonic crawler
  1026 | D        | Killed a scorpion
  1029 | D        | Killed a demonic crawler
  1029 | D        | Reached skill level 17 in Shields
  1029 | D        | Killed a wasp
  1030 | D        | Killed a demonic crawler
  1036 | D        | Killed a boulder beetle
  1060 | D        | Got the ring "Owky" {-Cast rPois rF+}
  1072 | D        | Entered arena 14.
  1072 | D        | Noticed a merfolk javelineer
  1072 | D        | Noticed a merfolk
  1072 | D        | Noticed a merfolk impaler
  1073 | D        | Noticed a snapping turtle
  1073 | D        | Noticed a merfolk impaler
  1073 | D        | Noticed a sea snake
  1074 | D        | Noticed a sea snake
  1074 | D        | Noticed a satyr
  1074 | D        | Noticed a merfolk aquamancer
  1074 | D        | Noticed a merfolk
  1080 | D        | Killed a sea snake
  1081 | D        | Noticed a snapping turtle
  1081 | D        | Killed a sea snake
  1084 | D        | Noticed a merfolk aquamancer
  1094 | D        | Killed a merfolk javelineer
  1102 | D        | Killed a merfolk aquamancer
  1103 | D        | Killed a merfolk
  1104 | D        | Killed a merfolk impaler
  1106 | D        | Killed a satyr
  1107 | D        | Noticed a kraken
  1107 | D        | Killed a merfolk aquamancer
  1108 | D        | Killed a merfolk impaler
  1109 | D        | Killed a merfolk
  1113 | D        | Killed a snapping turtle
  1114 | D        | Killed a kraken
  1114 | D        | Reached skill level 10 in Evocations
  1117 | D        | Killed a snapping turtle
  1183 | D        | Entered arena 15.
  1183 | D        | Noticed a demonic crawler
  1183 | D        | Noticed a spider
  1183 | D        | Noticed a wasp
  1184 | D        | Noticed a wasp
  1184 | D        | Noticed a wasp
  1184 | D        | Noticed a wasp
  1184 | D        | Noticed a wolf spider
  1185 | D        | Noticed a hornet
  1185 | D        | Noticed a demonic crawler
  1185 | D        | Noticed a hornet
  1185 | D        | Noticed a trapdoor spider
  1186 | D        | Noticed a wasp
  1186 | D        | Noticed a spider
  1186 | D        | Noticed a moth of wrath
  1186 | D        | Killed a wasp
  1190 | D        | Killed a demonic crawler
  1191 | D        | Killed a wasp
  1192 | D        | Killed a wolf spider
  1192 | D        | Killed a wasp
  1193 | D        | Killed a wasp
  1196 | D        | Killed a spider
  1196 | D        | Killed a trapdoor spider
  1197 | D        | Killed a wasp
  1199 | D        | Killed a spider
  1199 | D        | Killed a hornet
  1203 | D        | Killed a hornet
  1204 | D        | Killed a demonic crawler
  1204 | D        | Killed a moth of wrath
  1242 | D        | Identified Jimarisy's Disquisition on Confrontation and Heat (You found it in the Dungeon)
  1250 | D        | Identified a +7 rod of ignition (10/10) (You took it off a merfolk javelineer in the Dungeon)
  1251 | D        | Entered arena 16.
  1251 | D        | Noticed a hound
  1255 | D        | Killed a hound
  1265 | D        | Noticed an iguana
  1265 | D        | Noticed a yak
  1266 | D        | Noticed a hippogriff
  1266 | D        | Noticed a porcupine
  1266 | D        | Noticed a water moccasin
  1266 | D        | Killed an iguana
  1266 | D        | Killed a porcupine
  1267 | D        | Noticed a black mamba
  1267 | D        | Noticed a wyvern
  1267 | D        | Noticed a death yak
  1268 | D        | Noticed an iguana
  1268 | D        | Noticed a spiny frog
  1268 | D        | Killed a yak
  1269 | D        | Noticed a hippogriff
  1275 | D        | Noticed a giant frog
  1275 | D        | Killed a spiny frog
  1275 | D        | Gained mutation: You are completely covered in iridescent scales (AC +8). [demonic ancestry]
  1275 | D        | Reached XP level 13. HP: 109/112 MP: 29/29
  1276 | D        | Killed a wyvern
  1276 | D        | Killed a black mamba
  1277 | D        | Killed a hippogriff
  1279 | D        | Killed a water moccasin
  1280 | D        | Noticed a giant frog
  1281 | D        | Killed a giant frog
  1283 | D        | Killed an iguana
  1285 | D        | Killed a hippogriff
  1286 | D        | Killed a giant frog
  1290 | D        | Killed a death yak
  1312 | D        | Got the ring of Roud {-Cast +Fly MR+ HP+5 Stlth-}
  1318 | D        | Identified the Tome of the Oath (You found it in the Dungeon)
  1432 | D        | Entered arena 17.
  1440 | D        | Noticed a vault guard
  1440 | D        | Noticed a vault guard
  1440 | D        | Noticed a stone giant
  1441 | D        | Noticed a yaktaur
  1441 | D        | Noticed a shadow dragon
  1441 | D        | Noticed a shadow dragon
  1442 | D        | Noticed a lich
  1442 | D        | Noticed a yaktaur
  1443 | D        | Noticed a vault guard
  1443 | D        | Noticed a yaktaur
  1443 | D        | Noticed a vault guard
  1443 | D        | Noticed a vault guard
  1444 | D        | Noticed a vault guard
  1444 | D        | Killed a yaktaur
  1445 | D        | Noticed a vault guard
  1445 | D        | Noticed a vault guard
  1445 | D        | Noticed a vault guard
  1446 | D        | Noticed a stone giant
  1448 | D        | Noticed a vault guard
  1451 | D        | Killed a vault guard
  1456 | D        | Killed a vault guard
  1460 | D        | Killed a stone giant
  1462 | D        | Killed a yaktaur
  1465 | D        | Killed a shadow dragon
  1465 | D        | Reached skill level 15 in Evocations
  1468 | D        | Killed a yaktaur
  1471 | D        | Killed a shadow dragon
  1472 | D        | Killed a lich
  1477 | D        | Killed a vault guard
  1478 | D        | Killed a vault guard
  1478 | D        | Reached skill level 18 in Evocations
  1479 | D        | Killed a vault guard
  1483 | D        | Killed a vault guard
  1484 | D        | Killed a vault guard
  1484 | D        | Reached skill level 19 in Evocations
  1490 | D        | Killed a vault guard
  1493 | D        | Killed a vault guard
  1495 | D        | Killed a vault guard
  1495 | D        | Reached skill level 20 in Evocations
  1500 | D        | Killed a stone giant
  1592 | D        | Entered arena 18.
  1592 | D        | Noticed a vampire
  1592 | D        | Noticed a vampire
  1596 | D        | Noticed a flying skull
  1596 | D        | Noticed an ice beast
  1596 | D        | Noticed a blue devil
  1597 | D        | Noticed a shadow
  1597 | D        | Noticed a shadow
  1597 | D        | Killed a vampire
  1598 | D        | Noticed a reaper
  1599 | D        | Noticed a blue devil
  1599 | D        | Killed a blue devil
  1600 | D        | Noticed a necrophage
  1602 | D        | Noticed a vampire
  1602 | D        | Killed a vampire
  1603 | D        | Noticed a wight
  1603 | D        | Killed a blue devil
  1606 | D        | Noticed a hungry ghost
  1606 | D        | Killed a reaper
  1607 | D        | Killed a flying skull
  1607 | D        | Killed a shadow
  1607 | D        | Killed an ice beast
  1608 | D        | Killed a wight
  1608 | D        | Killed a hungry ghost
  1610 | D        | Killed a shadow
  1610 | D        | Killed a necrophage
  1612 | D        | Killed a vampire
  1614 | D        | Noticed an ice devil
  1618 | D        | Killed an ice devil
  1618 | D        | Reached XP level 14. HP: 121/121 MP: 33/33
  1724 | D        | Entered arena 19.
  1737 | D        | Noticed a water moccasin
  1737 | D        | Noticed a naga mage
  1737 | D        | Noticed a naga warrior
  1739 | D        | Noticed an anaconda
  1739 | D        | Noticed a black mamba
  1739 | D        | Noticed a black mamba
  1740 | D        | Noticed a guardian serpent
  1740 | D        | Killed a water moccasin
  1740 | D        | Killed a naga mage
  1741 | D        | Noticed a naga mage
  1741 | D        | Noticed an anaconda
  1741 | D        | Noticed a guardian serpent
  1742 | D        | Killed a black mamba
  1743 | D        | Noticed an anaconda
  1743 | D        | Noticed a naga warrior
  1743 | D        | Killed an anaconda
  1744 | D        | Noticed a greater naga
  1749 | D        | Noticed a black mamba
  1750 | D        | Killed a guardian serpent
  1750 | D        | Killed a black mamba
  1752 | D        | Noticed a black mamba
  1752 | D        | Killed a guardian serpent
  1754 | D        | Killed an anaconda
  1755 | D        | Noticed a naga mage
  1755 | D        | Noticed a naga
  1755 | D        | Killed an anaconda
  1755 | D        | Killed a black mamba
  1756 | D        | Killed a naga warrior
  1760 | D        | Killed a naga mage
  1762 | D        | Killed a naga warrior
  1765 | D        | Killed a naga mage
  1766 | D        | Killed a greater naga
  1767 | D        | Killed a black mamba
  1769 | D        | Killed a naga
  1878 | D        | Entered arena 20.
  1891 | D        | Noticed a yak
  1891 | D        | Noticed a catoblepas
  1892 | D        | Noticed a yak
  1892 | D        | Noticed a death yak
  1892 | D        | Noticed a komodo dragon
  1892 | D        | Killed a yak
  1894 | D        | Noticed a komodo dragon
  1895 | D        | Noticed an elephant
  1895 | D        | Killed a komodo dragon
  1896 | D        | Noticed a spiny frog
  1896 | D        | Noticed a yak
  1897 | D        | Noticed a fire drake
  1897 | D        | Noticed a yak
  1898 | D        | Noticed a yak
  1898 | D        | Killed a death yak
  1898 | D        | Killed a komodo dragon
  1898 | D        | Killed a yak
  1898 | D        | Reached skill level 10 in Armour
  1900 | D        | Noticed a death yak
  1901 | D        | Killed a catoblepas
  1902 | D        | Noticed a spiny frog
  1903 | D        | Killed a spiny frog
  1903 | D        | Reached skill level 15 in Fighting
  1903 | D        | Killed a yak
  1907 | D        | Noticed a spiny frog
  1908 | D        | Noticed a black mamba
  1908 | D        | Noticed a water moccasin
  1908 | D        | Killed a yak
  1909 | D        | Killed a fire drake
  1910 | D        | Killed a spiny frog
  1913 | D        | Killed a death yak
  1913 | D        | Killed a yak
  1915 | D        | Killed a spiny frog
  1915 | D        | Killed a water moccasin
  1919 | D        | Killed a black mamba
  1925 | D        | Killed an elephant
  1929 | D        | Noticed a four-headed hydra
  1933 | D        | Killed a four-headed hydra
  1987 | D        | Entered arena 21.
  1999 | D        | Noticed a slime creature
  2001 | D        | Noticed a shining eye
  2001 | D        | Noticed a death ooze
  2001 | D        | Noticed a death ooze
  2001 | D        | Noticed a death ooze
  2001 | D        | Noticed a slime creature
  2001 | D        | Noticed an eye of devastation
  2001 | D        | Noticed a slime creature
  2002 | D        | Noticed an acid blob
  2002 | D        | Noticed a great orb of eyes
  2002 | D        | Identified a +2 rod of clouds (11/11) (You found it in the Dungeon)
  2003 | D        | Noticed a jelly
  2003 | D        | Noticed a slime creature
  2005 | D        | Noticed a death ooze
  2006 | D        | Killed a shining eye
  2007 | D        | Killed a slime creature
  2007 | D        | Killed a death ooze
  2008 | D        | Noticed a slime creature
  2008 | D        | Noticed a slime creature
  2008 | D        | Killed a death ooze
  2008 | D        | Reached skill level 15 in Invocations
  2009 | D        | Noticed an acid blob
  2009 | D        | Killed a death ooze
  2010 | D        | Killed an eye of devastation
  2011 | D        | Noticed a death ooze
  2011 | D        | Noticed a slime creature
  2011 | D        | Identified a +5 rod of inaccuracy (14/14) (You found it in the Dungeon)
  2011 | D        | Killed a jelly
  2012 | D        | Killed a slime creature
  2013 | D        | Noticed a slime creature
  2013 | D        | Noticed a slime creature
  2013 | D        | Noticed a slime creature
  2013 | D        | Noticed a death ooze
  2013 | D        | Killed a slime creature
  2014 | D        | Killed a slime creature
  2015 | D        | Noticed a death ooze
  2016 | D        | Noticed an eye of devastation
  2016 | D        | Killed a death ooze
  2017 | D        | Noticed an eye of devastation
  2017 | D        | Killed an acid blob
  2017 | D        | Killed a death ooze
  2018 | D        | Killed a slime creature
  2018 | D        | Killed a great orb of eyes
  2019 | D        | Killed an acid blob
  2020 | D        | Killed a slime creature
  2021 | D        | Killed a death ooze
  2022 | D        | Noticed an eye of devastation
  2023 | D        | Noticed a golden eye
  2023 | D        | Killed a slime creature
  2024 | D        | Killed a death ooze
  2024 | D        | Killed a golden eye
  2025 | D        | Killed a large slime creature
  2026 | D        | Killed a slime creature
  2028 | D        | Killed an eye of devastation
  2029 | D        | Killed an eye of devastation
  2035 | D        | Killed an eye of devastation
  2039 | D        | Noticed a golden eye
  2040 | D        | Noticed an eye of draining
  2054 | D        | Killed an eye of draining
  2058 | D        | Killed a golden eye
  2194 | D        | Entered arena 22.
  2194 | D        | Noticed a vampire
  2194 | D        | Noticed a vampire
  2194 | D        | Noticed a vampire knight
  2194 | D        | Noticed a vampire knight
  2198 | D        | Killed a vampire
  2199 | D        | Killed a vampire knight
  2199 | D        | Gained mutation: You are robust (+10% HP). [demonic ancestry]
  2199 | D        | Reached XP level 15. HP: 124/143 MP: 32/34
  2201 | D        | Noticed a vampire knight
  2201 | D        | Killed a vampire knight
  2202 | D        | Killed a vampire
  2203 | D        | Noticed a vampire mage
  2205 | D        | Noticed a lich
  2205 | D        | Noticed a shadow
  2205 | D        | Noticed a shadow
  2206 | D        | Noticed a lich
  2206 | D        | Noticed a vampire knight
  2206 | D        | Noticed a wight
  2206 | D        | Noticed a wight
  2207 | D        | Killed a vampire knight
  2208 | D        | Noticed a necrophage
  2208 | D        | Noticed a necromancer
  2208 | D        | Noticed a wight
  2209 | D        | Noticed a necromancer
  2209 | D        | Killed a vampire knight
  2209 | D        | Killed a vampire mage
  2210 | D        | Noticed a skeletal warrior
  2210 | D        | Noticed a skeletal warrior
  2210 | D        | Noticed a skeletal warrior
  2211 | D        | Noticed a skeletal warrior
  2212 | D        | Noticed a skeletal warrior
  2212 | D        | Killed a shadow
  2213 | D        | Killed a shadow
  2214 | D        | Killed a wight
  2214 | D        | Paralysed by a lich for 2 turns
  2216 | D        | Killed a lich
  2218 | D        | Killed a necrophage
  2219 | D        | Killed a lich
  2219 | D        | Killed a necromancer
  2220 | D        | Noticed a shadow
  2222 | D        | Noticed a necrophage
  2223 | D        | Noticed a wight
  2223 | D        | Killed a wight
  2224 | D        | Noticed a wight
  2225 | D        | Noticed a ghoul
  2226 | D        | Killed a skeletal warrior
  2227 | D        | Noticed a lich
  2231 | D        | Killed a skeletal warrior
  2233 | D        | Noticed a Hell Sentinel
  2233 | D        | Killed a shadow
  2234 | D        | Killed a skeletal warrior
  2235 | D        | Killed a necrophage
  2236 | D        | Killed a ghoul
  2237 | D        | Killed a necromancer
  2240 | D        | Killed a wight
  2243 | D        | Killed a lich
  2245 | D        | Killed a wight
  2246 | D        | Killed a skeletal warrior
  2246 | D        | Reached skill level 21 in Shields
  2248 | D        | Killed a skeletal warrior
  2257 | D        | Killed a wight
  2324 | D        | Got the amulet of the Oligarchy {Clar +Rage +Fly MR++ SInv}
  2328 | D        | Got the ring "Wurphah" {rC+ MP+5 Str-6}
  2331 | D        | Got the amulet "Khiapnuth" {Faith +Rage}
  2366 | D        | Entered arena 23.
  2366 | D        | Noticed a raiju
  2367 | D        | Killed a raiju
  2381 | D        | Noticed a small abomination
  2381 | D        | Noticed a tentacled starspawn
  2382 | D        | Killed a small abomination
  2383 | D        | Noticed a smoke demon
  2383 | D        | Noticed a large abomination
  2383 | D        | Noticed a starcursed mass
  2384 | D        | Noticed a small abomination
  2385 | D        | Noticed a worldbinder
  2385 | D        | Noticed a smoke demon
  2385 | D        | Noticed a thrashing horror
  2386 | D        | Noticed a chaos spawn
  2386 | D        | Noticed a chaos spawn
  2386 | D        | Noticed Duogroxu the pandemonium lord
  2386 | D        | Noticed a small abomination
  2386 | D        | Killed a small abomination
  2387 | D        | Noticed a small abomination
  2387 | D        | Noticed a great orb of eyes
  2387 | D        | Killed a tentacled starspawn
  2387 | D        | Killed a worldbinder
  2388 | D        | Noticed a quasit
  2388 | D        | Killed a thrashing horror
  2389 | D        | Noticed a white draconian
  2389 | D        | Noticed a wretched star
  2389 | D        | Killed a smoke demon
  2389 | D        | Killed a small abomination
  2390 | D        | Noticed a fire bat
  2390 | D        | Noticed Threzapp the pandemonium lord
  2390 | D        | Noticed a large abomination
  2390 | D        | Noticed a large abomination
  2390 | D        | Killed a large abomination
  2391 | D        | Noticed a wight
  2391 | D        | Killed a smoke demon
  2392 | D        | Noticed a thrashing horror
  2392 | D        | Killed a wretched star
  2392 | D        | Killed a chaos spawn
  2392 | D        | Killed a starcursed mass
  2393 | D        | Killed a chaos spawn
  2393 | D        | Killed Duogroxu the pandemonium lord
  2394 | D        | Noticed a flying skull
  2394 | D        | Killed a small abomination
  2395 | D        | Killed a starcursed mass
  2396 | D        | Noticed a small abomination
  2396 | D        | Killed a white draconian
  2397 | D        | Noticed a hell hog
  2398 | D        | Killed a great orb of eyes
  2399 | D        | Noticed a large abomination
  2399 | D        | Killed a large abomination
  2400 | D        | Killed a flying skull
  2400 | D        | Killed a large abomination
  2400 | D        | Killed a starcursed mass
  2400 | D        | Killed a starcursed mass
  2400 | D        | Killed a starcursed mass
  2400 | D        | Killed a wight
  2400 | D        | Killed a starcursed mass
  2400 | D        | Killed a small abomination
  2401 | D        | Noticed a quasit
  2401 | D        | Noticed a large abomination
  2402 | D        | Noticed a lich
  2402 | D        | Killed a quasit
  2402 | D        | Killed a starcursed mass
  2403 | D        | Noticed an iron imp
  2403 | D        | Killed a hell hog
  2404 | D        | Noticed a wight
  2404 | D        | Killed a fire bat
  2405 | D        | Killed a large abomination
  2406 | D        | Killed a thrashing horror
  2409 | D        | Killed Threzapp the pandemonium lord
  2413 | D        | Killed a quasit
  2414 | D        | Noticed an iron imp
  2414 | D        | Killed a lich
  2416 | D        | Killed a wight
  2417 | D        | Killed a starcursed mass
  2419 | D        | Killed an iron imp
  2419 | D        | Killed a starcursed mass
  2420 | D        | Killed a large abomination
  2421 | D        | Killed a starcursed mass
  2432 | D        | Killed an iron imp
  2449 | D        | Got the amulet of Piny {rCorr +Inv +Fly}
  2526 | D        | Entered arena 24.
  2540 | D        | Noticed an ice dragon
  2542 | D        | Noticed a quicksilver dragon
  2542 | D        | Noticed a death drake
  2542 | D        | Noticed a swamp dragon
  2542 | D        | Noticed a fire dragon
  2542 | D        | Noticed a death drake
  2543 | D        | Noticed a wyvern
  2543 | D        | Noticed a steam dragon
  2543 | D        | Noticed a swamp dragon
  2543 | D        | Noticed a swamp dragon
  2543 | D        | Noticed a shadow dragon
  2543 | D        | Noticed a death drake
  2543 | D        | Noticed a swamp drake
  2543 | D        | Noticed an iron dragon
  2544 | D        | Noticed a golden dragon
  2544 | D        | Noticed a death drake
  2545 | D        | Noticed a steam dragon
  2545 | D        | Noticed a shadow dragon
  2546 | D        | Killed a steam dragon
  2546 | D        | Killed a death drake
  2547 | D        | Noticed a mottled dragon
  2547 | D        | Killed a quicksilver dragon
  2548 | D        | Noticed a swamp drake
  2548 | D        | Noticed an iron dragon
  2548 | D        | Noticed a shadow dragon
  2548 | D        | Noticed a fire drake
  2548 | D        | Noticed a wyvern
  2549 | D        | Killed a swamp dragon
  2549 | D        | Reached XP level 16. HP: 167/167 MP: 28/35
  2549 | D        | Killed a wyvern
  2550 | D        | Noticed an iron dragon
  2550 | D        | Noticed a swamp drake
  2551 | D        | Noticed a swamp drake
  2552 | D        | Noticed a swamp drake
  2552 | D        | Killed a death drake
  2552 | D        | Reached skill level 15 in Armour
  2553 | D        | Noticed a death drake
  2553 | D        | Noticed a quicksilver dragon
  2553 | D        | Killed an ice dragon
  2553 | D        | Killed a swamp drake
  2554 | D        | Noticed a golden dragon
  2554 | D        | Killed a swamp drake
  2555 | D        | Killed a death drake
  2556 | D        | Noticed a steam dragon
  2556 | D        | Noticed a swamp drake
  2556 | D        | Noticed a swamp dragon
  2556 | D        | Noticed a mottled dragon
  2557 | D        | Noticed an ice dragon
  2557 | D        | Killed a mottled dragon
  2558 | D        | Noticed a shadow dragon
  2559 | D        | Noticed an ice dragon
  2559 | D        | Noticed a fire drake
  2559 | D        | Noticed an ice dragon
  2559 | D        | Killed a steam dragon
  2560 | D        | Noticed a shadow dragon
  2560 | D        | Killed a death drake
  2561 | D        | Noticed a steam dragon
  2561 | D        | Noticed a swamp dragon
  2561 | D        | Killed a golden dragon
  2562 | D        | Noticed a steam dragon
  2562 | D        | Killed a swamp drake
  2564 | D        | Killed a swamp dragon
  2564 | D        | Killed a fire drake
  2565 | D        | Noticed a fire dragon
  2565 | D        | Killed a shadow dragon
  2565 | D        | Killed a fire drake
  2566 | D        | Killed an iron dragon
  2566 | D        | Killed a swamp drake
  2567 | D        | Killed a swamp drake
  2567 | D        | Killed a swamp drake
  2567 | D        | Killed a swamp dragon
  2568 | D        | Killed a steam dragon
  2569 | D        | Killed a wyvern
  2571 | D        | Killed a swamp dragon
  2571 | D        | Killed a death drake
  2575 | D        | Killed an ice dragon
  2575 | D        | Killed a steam dragon
  2575 | D        | Killed a steam dragon
  2576 | D        | Killed a golden dragon
  2576 | D        | Killed a swamp dragon
  2577 | D        | Killed an iron dragon
  2579 | D        | Killed a quicksilver dragon
  2579 | D        | Reached skill level 22 in Axes
  2580 | D        | Killed a shadow dragon
  2582 | D        | Killed an ice dragon
  2582 | D        | Killed a shadow dragon
  2582 | D        | Killed a mottled dragon
  2584 | D        | Killed a shadow dragon
  2586 | D        | Killed an iron dragon
  2587 | D        | Killed an ice dragon
  2587 | D        | Killed a fire dragon
  2588 | D        | Killed a shadow dragon
  2588 | D        | Reached skill level 23 in Axes
  2593 | D        | Killed a fire dragon
  2614 | D        | Got the amulet "Kaapt" {Ward rElec rN+ MR+ HP-5 Str+5 Stlth+}
  2635 | D        | Got the ring of Iciah {-Cast +Blink rC++ rN+ MR+ Stlth+}
  2658 | D        | Entered arena 25.
  2675 | D        | Noticed a ghoul
  2678 | D        | Noticed a soul eater
  2678 | D        | Noticed a soul eater
  2678 | D        | Noticed a ghoul
  2679 | D        | Noticed a Shadow Fiend
  2679 | D        | Noticed a shadow dragon
  2679 | D        | Noticed a bone dragon
  2680 | D        | Noticed an ice devil
  2680 | D        | Noticed a soul eater
  2682 | D        | Noticed a soul eater
  2684 | D        | Noticed a shadow dragon
  2685 | D        | Noticed a ghoul
  2685 | D        | Noticed a ghoul
  2685 | D        | Noticed a soul eater
  2685 | D        | Killed a ghoul
  2687 | D        | Noticed a skeletal warrior
  2689 | D        | Noticed a shadow dragon
  2689 | D        | Noticed a shadow dragon
  2690 | D        | Killed a Shadow Fiend
  2691 | D        | Noticed a shadow dragon
  2691 | D        | Killed a ghoul
  2692 | D        | Noticed a soul eater
  2692 | D        | Killed a shadow dragon
  2693 | D        | Noticed a shadow dragon
  2693 | D        | Killed a soul eater
  2693 | D        | Killed a soul eater
  2694 | D        | Noticed a ghoul
  2694 | D        | Killed an ice devil
  2694 | D        | Killed a soul eater
  2695 | D        | Killed a soul eater
  2696 | D        | Noticed a shadow dragon
  2696 | D        | Killed a shadow dragon
  2697 | D        | Killed a ghoul
  2698 | D        | Noticed a shadow dragon
  2698 | D        | Noticed a soul eater
  2698 | D        | Killed a soul eater
  2699 | D        | Noticed a soul eater
  2699 | D        | Noticed a skeletal warrior
  2699 | D        | Noticed a soul eater
  2700 | D        | Killed a skeletal warrior
  2700 | D        | Killed a soul eater
  2700 | D        | Killed a shadow dragon
  2700 | D        | Killed a shadow dragon
  2701 | D        | Killed a ghoul
  2701 | D        | Reached skill level 24 in Evocations
  2702 | D        | Killed a shadow dragon
  2707 | D        | Killed a shadow dragon
  2707 | D        | Killed a ghoul
  2709 | D        | Killed a bone dragon
  2709 | D        | Reached skill level 25 in Evocations
  2709 | D        | Reached XP level 17. HP: 163/173 MP: 8/38
  2710 | D        | Killed a soul eater
  2711 | D        | Killed a skeletal warrior
  2712 | D        | Killed a soul eater
  2712 | D        | Killed a shadow dragon
  2712 | D        | Reached skill level 26 in Evocations
  2713 | D        | Killed a soul eater
  2713 | D        | Killed a shadow dragon
  2746 | D        | Got the ring "Nautaez" {-Cast rF++ HP+5 Dex+7 Stlth+}
  2832 | D        | Entered arena 26.
  2852 | D        | Noticed a stone giant
  2853 | D        | Noticed a yaktaur captain
  2853 | D        | Noticed a merfolk javelineer
  2853 | D        | Noticed a cyclops
  2855 | D        | Noticed a stone giant
  2855 | D        | Noticed a cyclops
  2855 | D        | Noticed a centaur
  2855 | D        | Noticed a yaktaur
  2855 | D        | Noticed a centaur
  2855 | D        | Noticed a centaur warrior
  2856 | D        | Noticed a merfolk javelineer
  2856 | D        | Noticed a centaur
  2856 | D        | Noticed a centaur
  2856 | D        | Noticed a cyclops
  2856 | D        | Noticed a centaur warrior
  2857 | D        | Noticed a deep elf master archer
  2857 | D        | Killed a centaur
  2857 | D        | Killed a yaktaur captain
  2858 | D        | Noticed a cyclops
  2858 | D        | Noticed a deep elf master archer
  2858 | D        | Killed a centaur
  2860 | D        | Noticed a deep elf master archer
  2860 | D        | Killed a centaur warrior
  2861 | D        | Noticed a deep elf master archer
  2861 | D        | Noticed a merfolk javelineer
  2861 | D        | Killed a yaktaur
  2861 | D        | Killed a cyclops
  2862 | D        | Noticed a centaur warrior
  2862 | D        | Noticed a stone giant
  2863 | D        | Killed a stone giant
  2863 | D        | Killed a stone giant
  2863 | D        | Killed a merfolk javelineer
  2864 | D        | Noticed a centaur
  2864 | D        | Killed a cyclops
  2865 | D        | Noticed a centaur
  2865 | D        | Noticed a deep elf master archer
  2865 | D        | Killed a deep elf master archer
  2867 | D        | Killed a merfolk javelineer
  2868 | D        | Noticed a merfolk javelineer
  2868 | D        | Noticed a deep elf master archer
  2869 | D        | Noticed a yaktaur captain
  2869 | D        | Killed a deep elf master archer
  2870 | D        | Noticed a centaur warrior
  2870 | D        | Noticed a yaktaur
  2870 | D        | Noticed a deep elf master archer
  2870 | D        | Noticed a centaur
  2870 | D        | Killed a centaur warrior
  2872 | D        | Noticed a yaktaur captain
  2872 | D        | Noticed a deep elf master archer
  2873 | D        | Noticed a yaktaur
  2873 | D        | Killed a deep elf master archer
  2874 | D        | Noticed a merfolk javelineer
  2874 | D        | Killed a stone giant
  2875 | D        | Noticed a yaktaur
  2876 | D        | Noticed a merfolk javelineer
  2876 | D        | Noticed a merfolk javelineer
  2876 | D        | Noticed a yaktaur
  2877 | D        | Noticed a centaur
  2877 | D        | Noticed a deep elf master archer
  2877 | D        | Noticed a centaur
  2877 | D        | Killed a deep elf master archer
  2877 | D        | Killed a centaur
  2877 | D        | Killed a centaur
  2877 | D        | Killed a centaur warrior
  2878 | D        | Killed a centaur
  2878 | D        | Killed a deep elf master archer
  2879 | D        | Killed a merfolk javelineer
  2879 | D        | Killed a centaur
  2880 | D        | Noticed a stone giant
  2880 | D        | Noticed a yaktaur
  2880 | D        | Killed a yaktaur captain
  2880 | D        | Killed a centaur
  2880 | D        | Killed a centaur
  2881 | D        | Noticed a yaktaur
  2881 | D        | Noticed a merfolk javelineer
  2882 | D        | Killed a deep elf master archer
  2885 | D        | Killed a yaktaur captain
  2886 | D        | Noticed a merfolk javelineer
  2887 | D        | Killed a merfolk javelineer
  2888 | D        | Noticed a yaktaur
  2888 | D        | Identified a +4 rod of shadows (5/10)
  2888 | D        | Killed a cyclops
  2889 | D        | Noticed a cyclops
  2891 | D        | Noticed a cyclops
  2891 | D        | Killed a deep elf master archer
  2892 | D        | Killed a merfolk javelineer
  2893 | D        | Noticed a cyclops
  2893 | D        | Killed a merfolk javelineer
  2893 | D        | Killed a yaktaur
  2893 | D        | Killed a merfolk javelineer
  2894 | D        | Killed a stone giant
  2894 | D        | Killed a yaktaur
  2895 | D        | Killed a deep elf master archer
  2895 | D        | Killed a yaktaur
  2895 | D        | Killed a cyclops
  2895 | D        | Killed a deep elf master archer
  2896 | D        | Killed a yaktaur
  2897 | D        | Killed a yaktaur
  2898 | D        | Noticed a centaur
  2898 | D        | Killed a yaktaur
  2898 | D        | Killed a merfolk javelineer
  2898 | D        | Killed a merfolk javelineer
  2898 | D        | Killed a cyclops
  2899 | D        | Killed a centaur warrior
  2900 | D        | Killed a yaktaur
  2900 | D        | Killed a cyclops
  2901 | D        | Killed a cyclops
  2903 | D        | Killed a centaur
  2908 | D        | Noticed a cyclops
  2912 | D        | Noticed a yaktaur
  2913 | D        | Killed a cyclops
  2914 | D        | Killed a centaur
  2915 | D        | Killed a yaktaur
  3146 | D        | Entered arena 27.
  3168 | D        | Noticed a Brimstone Fiend
  3170 | D        | Noticed Sapha the pandemonium lord
  3170 | D        | Noticed Guazoekh the pandemonium lord
  3170 | D        | Noticed Itraur the pandemonium lord
  3170 | D        | Noticed Eleluaci the pandemonium lord
  3170 | D        | Noticed Biseroy the pandemonium lord
  3170 | D        | Noticed a chaos spawn
  3170 | D        | Noticed Skoy the pandemonium lord
  3170 | D        | Noticed Nufedd the pandemonium lord
  3170 | D        | Noticed Vynloidira the pandemonium lord
  3171 | D        | Noticed Ciodgh the pandemonium lord
  3171 | D        | Noticed Ijiant the pandemonium lord
  3172 | D        | Noticed a red devil
  3173 | D        | Noticed Imutio the pandemonium lord
  3173 | D        | Noticed Goejas the pandemonium lord
  3176 | D        | Noticed a golden dragon
  3184 | D        | Killed Goejas the pandemonium lord
  3189 | D        | Killed Vynloidira the pandemonium lord
  3194 | D        | Killed a golden dragon
  3195 | D        | Killed Nufedd the pandemonium lord
  3196 | D        | Noticed Schijoidgh the pandemonium lord
  3196 | D        | Noticed Cyittuce the pandemonium lord
  3197 | D        | Noticed Hupuoze the pandemonium lord
  3197 | D        | Noticed Methok the pandemonium lord
  3198 | D        | Noticed Hot Kaexueha the pandemonium lord
  3199 | D        | Noticed Jongok the pandemonium lord
  3201 | D        | Noticed Skiez the pandemonium lord
  3201 | D        | Noticed Roatiset the pandemonium lord
  3202 | D        | Noticed Cuteet the pandemonium lord
  3203 | D        | Noticed Threereh the pandemonium lord
  3203 | D        | Killed Guazoekh the pandemonium lord
  3204 | D        | Noticed Miklijix the pandemonium lord
  3204 | D        | Noticed Eveymen the pandemonium lord
  3204 | D        | Noticed Muid Ich the pandemonium lord
  3205 | D        | Killed Itraur the pandemonium lord
  3205 | D        | Reached skill level 10 in Throwing
  3207 | D        | Noticed Twiu the pandemonium lord
  3207 | D        | Killed a red devil
  3210 | D        | Noticed a torturous black sun
  3211 | D        | Noticed an Executioner
  3211 | D        | Killed Cyittuce the pandemonium lord
  3211 | D        | Gained mutation: You are very robust (+20% HP). [demonic ancestry]
  3211 | D        | Reached XP level 18. HP: 187/208 MP: 26/39
  3212 | D        | Noticed Noivem the pandemonium lord
  3213 | D        | Noticed a green death
  3215 | D        | Noticed Skeup the pandemonium lord
  3215 | D        | Noticed a monstrous corrupter
  3216 | D        | Noticed Saeluebb the pandemonium lord
  3216 | D        | Killed a rust devil
  3217 | D        | Noticed Thynesuj the pandemonium lord
  3218 | D        | Noticed Vamobery the pandemonium lord
  3220 | D        | Noticed a shadow demon
  3220 | D        | Noticed a reaper
  3223 | D        | Noticed Klilisu the pandemonium lord
  3223 | D        | Noticed Fru Kaos the pandemonium lord
  3223 | D        | Noticed a sun demon
  3224 | D        | Noticed an ice devil
  3225 | D        | Noticed Ethiujih the pandemonium lord
  3225 | D        | Killed Hot Kaexueha the pandemonium lord
  3226 | D        | Killed Methok the pandemonium lord
  3227 | D        | Noticed Pnaurr the pandemonium lord
  3227 | D        | Noticed a large abomination
  3228 | D        | Noticed Saoban the pandemonium lord
  3229 | D        | Noticed an orange demon
  3231 | D        | Killed a monstrous corrupter
  3231 | D        | Killed a large abomination
  3231 | D        | Killed a torturous black sun
  3233 | D        | Killed Eveymen the pandemonium lord
  3234 | D        | Noticed Geid the pandemonium lord
  3235 | D        | Killed Biseroy the pandemonium lord
  3236 | D        | Noticed Pukosm the pandemonium lord
  3237 | D        | Noticed a blizzard demon
  3239 | D        | Killed a shadow demon
  3239 | D        | Killed a sun demon
  3239 | D        | Killed Schijoidgh the pandemonium lord
  3239 | D        | Killed an orange demon
  3240 | D        | Noticed an orange demon
  3240 | D        | Killed a green death
  3240 | D        | Killed a reaper
  3241 | D        | Noticed Schia the pandemonium lord
  3241 | D        | Noticed a putrid chaos champion
  3241 | D        | Killed a blizzard demon
  3242 | D        | Noticed Emetru the pandemonium lord
  3242 | D        | Noticed a blizzard demon
  3242 | D        | Noticed a neqoxec
  3242 | D        | Killed Hupuoze the pandemonium lord
  3242 | D        | Killed an Executioner
  3242 | D        | Killed Imutio the pandemonium lord
  3242 | D        | Killed a Brimstone Fiend
  3243 | D        | Killed Noivem the pandemonium lord
  3243 | D        | Killed Jongok the pandemonium lord
  3243 | D        | Killed a putrid chaos champion
  3245 | D        | Noticed a neqoxec
  3245 | D        | Killed Skoy the pandemonium lord
  3245 | D        | Killed a neqoxec
  3245 | D        | Killed an ice devil
  3245 | D        | Killed Pnaurr the pandemonium lord
  3245 | D        | Reached skill level 27 in Armour
  3245 | D        | Reached skill level 1 in Dodging
  3245 | D        | Killed a blizzard demon
  3245 | D        | Killed a neqoxec
  3245 | D        | Killed Miklijix the pandemonium lord
  3246 | D        | Killed Thynesuj the pandemonium lord
  3248 | D        | Killed Vamobery the pandemonium lord
  3248 | D        | Reached skill level 10 in Dodging
  3249 | D        | Killed Sapha the pandemonium lord
  3249 | D        | Killed an orange demon
  3249 | D        | Killed Cuteet the pandemonium lord
  3251 | D        | Killed Threereh the pandemonium lord
  3251 | D        | Killed Ijiant the pandemonium lord
  3251 | D        | Reached skill level 15 in Dodging
  3251 | D        | Killed Roatiset the pandemonium lord
  3254 | D        | Killed from afar by Skiez the pandemonium lord

Action                   |  1- 3 |  4- 6 |  7- 9 | 10-12 | 13-15 | 16-18 || total
-------------------------+-------+-------+-------+-------+-------+-------++-------
Melee: Broad axe         |     6 |     7 |    32 |   117 |   208 |    81 ||   451
Invok: Greater Servant o |       |       |       |     4 |     1 |       ||     5
       Major Destruction |       |       |       |    11 |     7 |     1 ||    19
Evoke: Wand              |       |       |     2 |     3 |       |       ||     5
       Stone of tremors  |       |       |       |     3 |     2 |     4 ||     9
       Box of beasts     |       |       |       |     3 |     1 |       ||     4
       Deck              |       |       |       |     1 |     1 |       ||     2
       Rod               |       |       |       |     4 |    36 |    29 ||    69
       Lamp of fire      |       |       |       |       |     8 |    25 ||    33
       Phial of floods   |       |       |       |       |       |    11 ||    11
       Sack of spiders   |       |       |       |       |       |     1 ||     1
       Fan of gales      |       |       |       |       |       |     6 ||     6
  Use: Potion            |     1 |       |       |     2 |       |    14 ||    17
       Scroll            |       |       |       |     9 |     6 |       ||    15
 Stab: Distracted        |       |       |       |     2 |     2 |     2 ||     6
  Eat: Chunk             |       |       |       |     4 |    32 |    21 ||    57
       Royal jelly       |       |       |       |       |     3 |       ||     3
       Fruit             |       |       |       |       |     3 |       ||     3
       Meat ration       |       |       |       |       |     1 |       ||     1
